 Dungeon Crawl Stone Soup version 0.31-a0-925-g0a390f2509 (webtiles) character file.

Game seed: 6652599143509274051

709 Xavori the Sneak (level 7, -15/41 (49) HPs)
             Began as an Octopode Chaos Knight on Oct 18, 2023.
             Was a Plaything of Xom.
             Demolished by an orc warrior
             ... wielding a +2 dire flail of draining
              (16 damage)
             ... on level 5 of the Dungeon.
             The game lasted 00:04:44 (6450 turns).

Xavori the Sneak (Octopode Chaos Knight)            Turns: 6450, Time: 00:04:45

HP:   -15/41 (49)   AC:  3    Str: 12    XL:     7   Next: 68%
MP:   7/7           EV: 14    Int: 14    God:    Xom [..*...]
Gold: 147           SH:  0    Dex: 13    Spells: 6/6 levels left

rFire   + . .        a - +0 short sword (chaos)
rCold   . . .        (no shield)
rNeg    . . .        i - +2 hat {Stlth+}
rPois   +            (no amulet)
rElec   .            g - ring of protection from fire
rCorr   .            (no ring)
SInv    .            (no ring)
Will    .....        (no ring)
Stlth   +++++        (no ring)
HPRegen 0.26/turn    (no ring)
MPRegen 0.10/turn    (no ring)
                     (no ring)

%: no passive effects
@: about to teleport, heavily drained
A: almost no armour, amphibious, 8 rings, camouflage 1, gelatinous body 1,
(nimble swimmer 1), tentacles, poison resistance, screaming 1
a: Renounce Religion


You were on level 5 of the Dungeon.
You worshipped Xom.
You were a toy of Xom.
You visited 1 branch of the dungeon, and saw 5 of its levels.

You collected 147 gold pieces.

Inventory:

Hand Weapons
 a - a +0 short sword of chaos (weapon)
Armour
 i - a +2 hat of stealth (worn)
Jewellery
 g - a ring of protection from fire (left tentacle)
Wands
 o - a wand of flame (27)
Scrolls
 b - a scroll of butterflies
 e - a scroll of vulnerability
 j - a scroll of enchant weapon
Potions
 c - a potion of might
 f - a potion of resistance {unknown}
 h - a potion of degeneration {unknown}
 n - a potion of attraction {unknown}
 p - a potion of magic {unknown}


   Skills:
 + Level 4.7 Fighting
 + Level 4.7 Short Blades
 + Level 4.3 Dodging
 * Level 7.1 Stealth


You had 6 spell levels left.
You didn't know any spells.
Your spell library contained the following spells:

 Spells                   Type           Power      Damage    Failure   Level
 Apportation              Tloc           0%         N/A       28%         1
 Kiss of Death            Conj/Necr      0%         2d5       28%         1
 Necrotise                Necr           0%         1d4       28%         1
 Summon Small Mammal      Summ           0%         N/A       28%         1
 Confusing Touch          Hex            0%         N/A       65%         3
 Dispel Undead            Necr           0%         3d6       96%         4


Dungeon Overview and Level Annotations

Branches:
Dungeon (5/15)
 Temple: D:4-7

Altars:
Sif Muna
Uskayaw
Xom


Innate Abilities, Weirdness & Mutations

You cannot wear most types of armour.
You are amphibious.
You can wear up to eight rings at the same time.
Your skin changes colour to match your surroundings (Stealth+).
Your rubbery body absorbs attacks. (AC +1, EV +1)
((You are camouflaged when in or above water. (Stealth+)))
You have tentacles for arms and can constrict up to eight enemies at once.
Your system is resistant to poisons. (rPois)
You occasionally shout uncontrollably at your foes.


Message History

There is a stone staircase leading up, spattered with blood here.
You hit the orc warrior but do no damage.
You grab the orc warrior.
You squeeze the orc warrior, but do no damage.
You constrict the orc warrior, but do no damage.
A gnoll comes into view. It is wielding a +0 halberd.
The orc warrior hits you with a +2 dire flail of draining!
* * * LOW HITPOINT WARNING * * *
You feel drained.
* * * LOW HITPOINT WARNING * * *
You are too injured to fight recklessly!
Okay, then.
Okay, then.
You release your grip on the orc warrior.
Found a stone staircase leading down.
You see here a quokka corpse.
You feel much better.
The orc warrior hits you with a +2 dire flail of draining!
* * * LOW HITPOINT WARNING * * *
You feel drained.
* * * LOW HITPOINT WARNING * * *
As you read the scroll labelled TOGESEO FUSM, it crumbles to dust.
The creatures around you are filled with an inner flame!
It was a scroll of immolation.
The orc warrior barely misses you. The gnoll misses you.
As you read the scroll labelled OXUTHR ZEEGUSID, it crumbles to dust.
It is a scroll of amnesia.
You feel forgetful for a moment.
The orc warrior hits you with a +2 dire flail of draining!
* * * LOW HITPOINT WARNING * * *
You feel drained.
* * * LOW HITPOINT WARNING * * *
The gnoll barely misses you.
As you read the scroll of teleportation, it crumbles to dust.
You feel strangely unstable. The gnoll completely misses you.
The orc warrior misses you.
The orc warrior attacks as it pursues you!
The orc warrior hits you with a +2 dire flail of draining!
You die...
Xom laughs nastily!

#.. ..
##.##
....#
...
####g#
#.<.)#
#.#o)#
#.#@.#
#....#
....##.#
##... .#
#.#. ..
...#.
..# .>.
..# #.
..#


You could see an orc warrior (inner flame) and a gnoll (inner flame).

Vanquished Creatures
  Edmund (D:4)
  2 ogres (D:3)
  2 centaurs (D:4)
  A scorpion (D:4)
  2 orc priests (D:4)
  Crazy Yiuf (D:2)
  Jessica (D:2)
  Natasha (thrice) (D:2)
  An iguana (D:3)
  4 adders
  2 worms (D:2)
  4 dart slugs
  9 orcs
  8 endoplasms
  2 giant cockroaches
  6 goblins
  4 hobgoblins
  6 kobolds
  4 quokkas
  10 ball pythons
  2 bats
  3 frilled lizards
  9 rats
87 creatures vanquished.

Vanquished Creatures (others)
  A quokka zombie (D:4)
  A rat zombie (D:2)
2 creatures vanquished.

Grand Total: 89 creatures vanquished

Notes
Turn   | Place    | Note
-------+----------+-------------------------------------------
     0 | D:1      | Xavori the Octopode Chaos Knight began the quest for the
                  | Orb.
     0 | D:1      | Reached XP level 1. HP: 16/16 MP: 1/1
   152 | D:1      | Reached XP level 2. HP: 21/21 MP: 2/2
   180 | D:1      | Reached skill level 1 in Stealth
   805 | D:1      | XOM: noise
  1232 | D:1      | XOM: god gift: +2 hat of stealth
  2500 | D:1      | XOM: silly message
  2538 | D:1      | XOM: divination: magic mapping
  2919 | D:1      | XOM: divination: magic mapping
  3691 | D:1      | XOM is BORED!
  3717 | D:2      | Reached XP level 3. HP: 21/26 MP: 3/3
  3758 | D:2      | Reached skill level 2 in Stealth
  3863 | D:2      | Noticed Natasha
  3869 | D:2      | Killed Natasha
  3870 | D:2      | Reached XP level 4. HP: 15/31 MP: 4/4
  3871 | D:2      | Reached skill level 3 in Stealth
  3987 | D:2      | XOM: 1-stop teleportation journey
  4067 | D:2      | Noticed Jessica
  4073 | D:2      | Killed Jessica
  4123 | D:2      | Noticed Natasha
  4135 | D:2      | Killed Natasha
  4136 | D:2      | Reached XP level 5. HP: 26/37 MP: 5/5
  4211 | D:2      | Noticed Natasha
  4218 | D:2      | Killed Natasha
  4219 | D:2      | Reached skill level 4 in Stealth
  4310 | D:2      | Found a runed translucent door.
  4311 | D:2      | Noticed Crazy Yiuf
  4312 | D:2      | XOM: summons 2 hostile demons
  4357 | D:2      | Killed Crazy Yiuf
  4566 | D:3      | Noticed an ogre
  4577 | D:3      | Killed an ogre
  4578 | D:3      | Reached skill level 5 in Stealth
  4578 | D:3      | Reached XP level 6. HP: 43/43 MP: 6/6
  4587 | D:3      | Found a shimmering altar of Xom.
  4896 | D:3      | Found a faded altar of an unknown god.
  4956 | D:3      | XOM: 7-stop teleportation journey
  5363 | D:3      | XOM: draining
  5446 | D:4      | Reached skill level 6 in Stealth
  5446 | D:4      | Reached XP level 7. HP: 41/45 MP: 7/7
  5499 | D:4      | XOM: smoke on damage
  5669 | D:4      | XOM: summons 4 hostile demons
  5670 | D:4      | Noticed a chaos spawn
  5670 | D:4      | Noticed a rust devil
  5722 | D:3      | XOM: god gift: 5 stones
  5818 | D:4      | XOM: 1-stop teleportation journey
  5945 | D:4      | Found a shimmering blue altar of Sif Muna.
  5945 | D:4      | Found a hide-covered altar of Uskayaw.
  6369 | D:5      | Entered Level 5 of the Dungeon
  6369 | D:5      | Noticed Edmund
  6389 | D:4      | Gained mutation: Your system is resistant to poisons.
                  | (rPois) [potion of mutation]
  6389 | D:4      | Gained mutation: You occasionally shout uncontrollably at
                  | your foes. [potion of mutation]
  6389 | D:4      | XOM: smoke on damage
  6392 | D:4      | XOM: potion effect (invisibility)
  6393 | D:4      | Killed Edmund
  6394 | D:4      | Reached skill level 7 in Stealth
  6448 | D:5      | HP: 1/41 [orc warrior/+2 dire flail of draining (3)]
  6450 | D:5      | Demolished by an orc warrior

Illustrated notes

Levels and vault maps discovered:
D:1:      dpeg_arrival_arbitrary_a, layout_basic, chequers_big_river,
          serial_bayou_lagoon_b
D:2:      layout_basic, serial_glass, glass_columns_a, glass_columns_b,
          fountainhead, uniq_natasha, uniq_crazy_yiuf_cottage, uniq_jessica
D:3:      layout_basic, mainiacjoe_overflow_alcove_2,
          nicolae_ecumenical_oubliette
D:4:      layout_gridville, mainiacjoe_overflow_divided_tiny
D:5:      layout_basic, corexii_item_surrounded_by_moat, uniq_edmund,
          uniq_prince_ribbit1

Skill      XL: |  1  2  3  4  5  6  7 |
---------------+----------------------+-----
Stealth        | 1 2 3 5 6 7 |  7.1
Dodging        | 3 4 |  4.3
Fighting       | 4 |  4.7
Short Blades   | 4 |  4.7

Action                     |  1- 3 |  4- 6 |  7- 9 || total
---------------------------+-------+-------+-------++-------
  Melee: Short sword       |    57 |    72 |    74 ||   203
         Tentacles         |    10 |    13 |    14 ||    37
         Constrict         |    12 |    13 |    13 ||    38
         Punch             |       |       |     1 ||     1
  Evoke: Wand              |       |       |     1 ||     1
    Use: Scroll            |       |     2 |     4 ||     6
         Potion            |       |       |     5 ||     5
   Stab: Sleeping          |     6 |    13 |    10 ||    29
         Distracted        |       |       |     1 ||     1
         Invisible         |       |       |     1 ||     1
 Armour: Skin              |    14 |    21 |    47 ||    82
  Dodge: Dodged            |    28 |    27 |    53 ||   108

Table legend: (Time is in decaauts)
 A = Elapsed time spent in this place.
 B = Non-inter-level travel time spent in this place.
 C = Inter-level travel time spent in this place.
 D = Time resting spent in this place.
 E = Time spent auto-exploring this place.
 F = Levels seen in this place.
 G = Mean time per level.
                   A        B        C        D        E       F      G
               +--------+--------+--------+--------+--------+-----+--------+
         Total |   6412 |   6312 |    100 |   3250 |   2451 |   5 | 1282.4 |
       Dungeon |   6412 |   6312 |    100 |   3250 |   2451 |   5 | 1282.4 |
               +--------+--------+--------+--------+--------+-----+--------+

Top non-repeatable levels by time:
     D:1: 3685 daAuts
     D:3: 964 daAuts
     D:4: 925 daAuts
     D:2: 815 daAuts
     D:5: 21 daAuts
